Map: Ephemeron LE

Players

LiquidTaeJa (TaeJa)

  • Race: Terran Terran
  • League: Grandmaster
  • Spawn Location: 11:00

TSGTYTY (TY) - Winner!

  • Race: Terran Terran
  • League: Grandmaster
  • Spawn Location: 5:00

VOD

Have the link to the VOD?

Description

Time

  • Played on: Jan. 9, 2020, 6:02 a.m.
  • Length: 17:54
Show
View Real Time Build Order
Export as new Build Order

LiquidTaeJa Terran 

Build Orders: Gas First Reaper Expand 

Get SALT Encoding   

  12  0:00  SCV  
  13  0:13  SCV  
  14  0:17  Supply Depot  
  14  0:25  SCV  
  15  0:30  Refinery  
  15  0:38  SCV  
  16  0:44  Barracks  
  16  0:50  SCV  
  17  1:02  SCV  
  18  1:14  SCV  
  19  1:31  Reaper, Orbital Command  
  20  1:44  Command Center  
  20  1:56  Factory  
  20  1:59  SCV  
  21  2:06  Reaper  
  22  2:10  Supply Depot  
  22  2:13  SCV  
  23  2:20  Refinery  
  23  2:31  SCV  
  24  2:40  Hellion  
  24  2:43  Starport  
  26  2:45  SCV  
  27  2:53  Barracks Reactor  
  27  2:56  Orbital Command  
  27  2:57  SCV  
  28  3:02  Factory Tech Lab  
  28  3:09  SCV  
  29  3:20  Starport Tech Lab  
  29  3:21  Cyclone  
  29  3:22  SCV  
  29  3:23  SCV  
  34  3:30  Marine  
  34  3:31  Marine  
  36  3:35  SCV x2  
  36  3:37  Supply Depot  
  38  3:47  SCV x2  
  40  3:49  Marine  
  40  3:50  Marine  
  41  3:58  Raven  
  41  3:59  SCV x2  
  45  4:03  Command Center  
  45  4:08  Supply Depot  
  45  4:11  SCV  
  45  4:12  Marine x2, SCV  
  46  4:23  SCV  
  43  4:27  SCV  
  43  4:29  Marine x2  
  44  4:35  SCV  
  45  4:39  SCV  
  45  4:41  Raven  
  45  4:44  Supply Depot  
  48  4:48  SCV  
  48  4:50  Marine x2  
  48  4:51  SCV  
  49  5:00  SCV  
  49  5:02  Siege Tank  
  49  5:03  SCV  
  49  5:05  Refinery  
  49  5:06  Refinery  
  54  5:11  Marine x2  
  54  5:12  SCV  
  57  5:15  Supply Depot  
  57  5:16  SCV  
  57  5:17  Orbital Command  
  58  5:21  Barracks  
  58  5:24  SCV  
  58  5:27  Barracks  
  58  5:28  SCV  
  60  5:35  Viking x2  
  60  5:37  SCV  
  60  5:39  Orbital Command  
  60  5:40  SCV  
  66  5:44  Siege Tank  
  69  5:51  SCV, Engineering Bay  
  69  5:52  SCV, Engineering Bay  
  69  5:56  Marine  
  72  5:57  Stimpack  
  72  6:03  SCV  
  73  6:04  SCV  
  73  6:05  Viking  
  73  6:08  SCV  
  77  6:15  SCV  
  77  6:17  SCV  
  79  6:19  Terran Infantry Weapons Level 1  
  79  6:20  SCV  
  79  6:21  Barracks Reactor  
  79  6:22  Terran Infantry Armor Level 1  
  80  6:27  SCV, Marine, Barracks Reactor  
  80  6:29  SCV  
  80  6:32  SCV, Barracks  
  84  6:33  Barracks  
  84  6:35  Supply Depot  
  84  6:37  Supply Depot  
  84  6:39  SCV, Siege Tank  
  88  6:41  SCV  
  88  6:44  SCV  
  90  6:49  Marine  
  90  6:50  Viking  
  90  6:52  Refinery  
  90  6:53  SCV, Refinery  
  93  6:56  SCV x2  
  93  6:59  Viking  
  97  7:04  Marine  
  97  7:05  Marine x2, SCV  
  97  7:06  Marine  
  102  7:09  SCV x2  
  102  7:12  Siege Tank  
  107  7:18  SCV  
  107  7:20  Barracks Reactor  
  107  7:21  SCV x2  
  107  7:23  Barracks Reactor  
  107  7:25  Marine x2  
  107  7:26  Marine x2  
  103  7:30  SCV  
  103  7:33  SCV x2  
  103  7:35  Medivac  
  108  7:42  SCV  
  108  7:43  Supply Depot  
  109  7:44  Supply Depot x2  
  109  7:46  Supply Depot  
  109  7:57  Missile Turret, Supply Depot  
  109  7:58  Missile Turret  
  109  8:04  Marine x6  
  109  8:05  SCV x3, Marine, Medivac, Siege Tank  
  117  8:07  Medivac  
  117  8:11  Combat Shield  
  126  8:13  Marine  
  126  8:14  Factory  
  126  8:17  SCV x2  
  126  8:18  SCV  
  129  8:20  Marine, Sensor Tower  
  129  8:22  Marine  
  129  8:25  Marine  
  129  8:26  Marine x2  
  134  8:27  Marine x2  
  134  8:29  SCV  
  134  8:31  Marine  
  134  8:32  Marine  
  139  8:36  Armory  
  139  8:38  SCV x2  
  139  8:41  SCV, Supply Depot  
  142  8:42  Siege Tank  
  142  8:43  Marine  
  146  8:56  Marine x3  
  146  8:59  Factory Tech Lab  
  146  9:02  Marine x4  
  153  9:03  Supply Depot  
  153  9:04  Supply Depot x2  
  153  9:08  Marine x2  
  148  9:14  Marine x3, Siege Tank  
  152  9:20  Marine x3  
  152  9:21  Siege Tank  
  157  9:25  Marine, Medivac x2, Terran Infantry Weapons Level 2  
  157  9:26  Terran Infantry Armor Level 2  
  162  9:44  Marine x8  
  170  9:46  Command Center  
  170  9:47  Siege Tank  
  173  9:55  Siege Tank  
  173  9:57  Marine  
  177  10:01  Marine  
  177  10:02  Marine x3  
  177  10:04  Marine  
  181  10:11  Marine  
  181  10:16  Marine x2  
  181  10:17  Command Center  
  181  10:25  Supply Depot  
  181  10:26  Supply Depot  
  181  10:45  Supply Depot, Terran Vehicle Weapons Level 1  
  181  10:47  Marine x9, Siege Tank  
  181  10:48  Siege Tank  
  195  10:52  Command Center  
  186  11:04  Marine x4  
  186  11:05  Marine x5  
  186  11:09  Viking x2  
  193  11:19  Siege Tank  
  193  11:20  Starport, Fusion Core  
  193  11:21  Starport  
  193  11:22  Marine x5  
  200  11:37  Command Center  
  200  11:42  Terran Infantry Weapons Level 3  
  200  11:44  Terran Infantry Armor Level 3  
  200  11:49  Command Center  
  199  12:00  Marine  
  199  12:01  Marine  
  191  12:09  Marine  
  191  12:10  Siege Tank x2  
  191  12:12  Starport Reactor, Advanced Ballistics  
  191  12:14  Starport Reactor  
  198  12:18  Marine x2  
  200  12:35  Planetary Fortress  
  200  12:46  Refinery  
  200  12:47  Sensor Tower  
  200  12:49  Refinery  
  200  12:51  Armory  
  200  12:52  Starport, Orbital Command  
  200  12:59  Missile Turret  
  200  13:01  Missile Turret  
  200  13:02  Liberator  
  200  13:03  Liberator  
  200  13:07  Missile Turret  
  200  13:12  Viking x3  
  190  13:13  Viking  
  194  13:22  Terran Ship Weapons Level 1  
  194  13:24  Command Center  
  199  13:32  Rapid Reignition System  
  199  13:37  Marine  
  181  13:52  Viking x2  
  165  14:05  Marine x5  
  168  14:10  Viking x3  
  168  14:16  Starport Reactor  
  171  14:24  Viking x2, Siege Tank x2  
  161  14:28  Marine x4  
  170  14:32  Terran Vehicle And Ship Armor Level 1  
  170  14:37  Planetary Fortress  
  170  14:41  Marine x5  
  170  14:44  Viking, Refinery  
  177  14:46  Marine x3  
  177  14:48  Refinery  
  177  14:50  Command Center  
  180  14:53  Marine  
  180  14:59  Marine x5  
  186  15:00  Siege Tank  
  173  15:31  Marine x3  
  173  15:34  Siege Tank  
  173  15:35  Siege Tank  
  169  15:37  Viking x2  
  169  15:39  Viking x2  
  169  15:41  Marine x2  
  166  15:44  Marine  
  166  15:47  Medivac  
  166  15:48  Medivac  
  171  15:58  Marine x4  
  171  16:03  Marine  
  172  16:04  Marine x3  
  172  16:07  Siege Tank x2  
  172  16:11  Marine  
  165  16:15  Marine  
  165  16:16  Marine x2  
  155  16:18  Marine  
  155  16:21  Marine  
  155  16:22  Marine x2  
  139  16:26  Marine  
  139  16:29  Marine  
  134  16:33  Marine x2  
  134  16:34  Marine  
  134  16:35  Medivac x2  
  134  16:36  Marine  
  134  16:39  Marine, Siege Tank x2  
  143  16:51  Marine x3  
  143  16:52  Viking x2  
  143  16:53  Marine  
  151  16:58  Marine x2  
  151  17:00  Marine  
  151  17:01  Marine  
  140  17:11  Siege Tank  
  140  17:18  Marine x2  
  140  17:21  Marine  
  140  17:22  Marine x2  
  130  17:23  Viking x2  
  130  17:24  Marine  
  130  17:29  Marine  
  102  17:30  Marine  
Show
View Real Time Build Order
Export as new Build Order

TSGTYTY Terran - Winner!

Build Orders: Gas First Reaper Expand, Hellion Opening 

Get SALT Encoding   

  12  0:00  SCV  
  13  0:12  SCV  
  14  0:17  Supply Depot  
  14  0:24  SCV  
  14  0:27  Refinery  
  15  0:38  SCV  
  16  0:44  Barracks  
  16  0:50  SCV  
  17  1:02  SCV  
  18  1:14  SCV  
  19  1:31  Orbital Command, Reaper  
  20  1:45  Command Center  
  20  1:52  Factory  
  20  1:57  SCV  
  21  2:05  Barracks Reactor  
  21  2:06  Supply Depot  
  21  2:09  SCV  
  21  2:14  Refinery  
  22  2:21  SCV  
  23  2:33  SCV  
  24  2:44  Hellion  
  26  2:45  Starport, Hellion  
  26  2:46  SCV  
  29  2:56  Barracks Tech Lab  
  29  2:58  SCV  
  30  3:03  Orbital Command  
  32  3:05  Hellion  
  32  3:10  Hellion  
  35  3:12  SCV  
  35  3:26  SCV  
  38  3:27  Raven, Hellion  
  38  3:31  Supply Depot  
  40  3:35  Hellion  
  40  3:36  SCV  
  40  3:38  SCV  
  44  3:45  Refinery  
  44  3:52  SCV  
  44  3:55  SCV  
  46  3:59  Supply Depot  
  46  4:00  Marine x2  
  46  4:01  Factory Tech Lab  
  48  4:04  SCV  
  48  4:07  SCV  
  50  4:11  Raven  
  50  4:16  SCV  
  51  4:18  Marine x2  
  51  4:20  SCV  
  49  4:27  Siege Tank  
  49  4:28  SCV  
  51  4:32  SCV  
  51  4:36  Marine x2  
  50  4:40  SCV  
  50  4:43  Command Center  
  50  4:44  SCV  
  52  4:52  SCV  
  53  4:56  SCV  
  54  5:02  Barracks  
  54  5:03  Refinery  
  54  5:04  SCV, Barracks  
  54  5:05  Starport Reactor, Siege Tank  
  59  5:08  SCV  
  59  5:10  Stimpack  
  60  5:15  Supply Depot  
  60  5:16  SCV  
  60  5:22  SCV, Supply Depot  
  60  5:23  Engineering Bay  
  60  5:27  Engineering Bay  
  61  5:28  SCV  
  62  5:36  Marine, SCV  
  62  5:39  Supply Depot  
  62  5:40  SCV, Siege Tank  
  68  5:48  SCV, Starport Reactor  
  68  5:49  Marine x2  
  71  5:54  Marine, Terran Infantry Weapons Level 1, Terran Infantry Armor Level 1  
  72  5:57  Orbital Command  
  72  5:59  Marine x2  
  72  6:03  SCV x2  
  76  6:07  Marine x2  
  78  6:14  Marine  
  78  6:17  Marine  
  82  6:20  Orbital Command  
  82  6:21  Missile Turret  
  82  6:24  Missile Turret  
  82  6:26  Marine x3  
  82  6:29  SCV x2  
  82  6:30  Medivac x2  
  89  6:33  Marine  
  89  6:37  Siege Tank  
  93  6:41  SCV x2  
  93  6:43  Marine  
  93  6:46  Supply Depot  
  96  6:47  SCV  
  96  6:49  Combat Shield  
  96  6:50  Marine x3  
  96  6:53  SCV  
  101  6:56  SCV  
  101  6:57  Armory  
  101  7:00  Armory  
  101  7:08  SCV x3, Medivac x2  
  107  7:09  Marine x2  
  109  7:26  Supply Depot x3  
  109  7:42  Barracks  
  109  7:43  Barracks  
  109  7:47  Marine x3, SCV x3  
  109  7:48  Terran Infantry Armor Level 2  
  109  7:49  Command Center  
  117  7:54  Supply Depot x2  
  117  7:57  Viking x2  
  121  7:59  SCV x2  
  121  8:00  Siege Tank  
  121  8:03  SCV, Refinery  
  125  8:11  Terran Vehicle Weapons Level 1  
  125  8:12  SCV x2, Terran Infantry Weapons Level 2  
  127  8:16  SCV  
  128  8:24  SCV x2, Supply Depot, Refinery  
  128  8:25  Factory  
  130  8:28  SCV  
  130  8:30  Barracks Reactor  
  130  8:31  Viking x2  
  135  8:36  SCV x2  
  135  8:39  Marine x3  
  135  8:40  SCV  
  141  8:44  Supply Depot x2  
  141  8:48  SCV x2  
  142  8:52  SCV  
  142  8:54  Marine  
  142  8:55  Sensor Tower  
  146  8:56  Marine x2, Barracks Reactor x2  
  146  9:00  SCV  
  146  9:01  Viking x2  
  151  9:08  SCV x2  
  151  9:12  Siege Tank  
  151  9:13  Siege Tank  
  157  9:17  Planetary Fortress  
  157  9:19  Marine x3  
  157  9:20  Refinery  
  157  9:21  Marine  
  161  9:25  Marine x2, Refinery  
  161  9:27  SCV  
  165  9:36  Viking  
  165  9:37  Marine x2  
  167  9:39  Supply Depot  
  167  9:43  Marine  
  167  9:44  Marine x3  
  167  9:45  SCV x3  
  174  9:49  Viking  
  176  9:56  Sensor Tower, Siege Tank  
  179  10:03  Marine  
  179  10:06  Viking  
  181  10:07  Siege Tank  
  181  10:19  Viking  
  182  10:21  Sensor Tower  
  182  10:24  Marine x4  
  182  10:25  Marine x4  
  190  10:32  Terran Infantry Armor Level 3, Terran Infantry Weapons Level 3  
  190  10:34  Marine  
  191  10:39  Liberator  
  191  10:41  Siege Tank  
  195  10:43  Command Center  
  195  10:54  Siege Tank  
  194  10:59  Marine x2, Supply Depot x2  
  194  11:00  Starport  
  194  11:04  Marine  
  196  11:05  Marine  
  196  11:06  Marine  
  195  11:11  Terran Vehicle Weapons Level 2  
  195  11:15  Missile Turret  
  195  11:16  Missile Turret  
  195  11:17  Marine  
  195  11:18  Marine  
  196  11:20  Marine x2, Siege Tank  
  196  11:23  Marine x2  
  200  11:40  Liberator  
  200  11:42  Sensor Tower  
  200  11:44  Starport, Starport Reactor  
  200  11:46  Fusion Core  
  200  11:47  Armory  
  200  11:55  Marine  
  200  11:56  Planetary Fortress  
  200  12:00  Refinery  
  181  12:09  Medivac  
  181  12:11  Siege Tank x2  
  181  12:12  Marine x2  
  181  12:13  Marine  
  181  12:14  Marine x4  
  194  12:21  Medivac x2  
  198  12:24  Starport Tech Lab  
  198  12:25  Command Center  
  198  12:26  SCV x2  
  198  12:27  Refinery, Command Center  
  200  12:42  Terran Vehicle And Ship Armor Level 1  
  200  12:50  Advanced Ballistics  
  200  12:58  Missile Turret  
  200  13:00  Missile Turret, Liberator x2  
  200  13:01  Liberator x2  
  200  13:12  Starport  
  187  13:19  Raven  
  194  13:20  Marine x4  
  194  13:21  Marine x2  
  200  13:30  Missile Turret  
  200  13:32  Starport, Missile Turret  
  187  13:50  Starport Tech Lab  
  187  13:51  Marine x4  
  187  13:55  SCV x2  
  185  13:57  Siege Tank x2  
  185  13:58  Marine  
  185  14:02  Battlecruiser  
  197  14:05  Marine x2  
  199  14:12  Marine x2  
  197  14:20  Marine  
  197  14:21  Marine  
  192  14:27  Battlecruiser  
  192  14:28  Starport Tech Lab  
  192  14:30  SCV x2  
  200  14:33  Terran Ship Weapons Level 1  
  197  14:47  Planetary Fortress  
  197  14:48  Orbital Command  
  197  14:50  Refinery  
  197  14:51  Refinery  
  197  14:53  Sensor Tower  
  197  14:55  Missile Turret  
  197  15:01  Missile Turret  
  197  15:09  Terran Vehicle And Ship Armor Level 2  
  197  15:10  Weapon Refit  
  195  15:21  Sensor Tower  
  190  15:29  Battlecruiser x2  
  194  15:38  Battlecruiser  
  194  15:40  Siege Tank  
  198  15:45  Viking  
  182  16:12  Marine x3  
  182  16:13  Marine x5  
  180  16:19  SCV x2  
  180  16:23  Marine x2  
  180  16:25  SCV x3  
  178  16:30  Marine  
  178  16:32  Medivac x4  
  185  16:33  Battlecruiser x2  
  185  16:35  Marine  
  194  16:59  Raven  
  194  17:20  Marine x4  
  181  17:25  Marine x3  
  163  17:31  Marine x2  
  157  17:38  SCV x2  
  157  17:39  SCV x2  
  157  17:41  SCV x2  
Tags
 
Add a new tag
Caveats
  • Supply blocks, unpowered buildings, or Contaminate may cause inaccurate times.
  • Supply counts are checked every 10 seconds.